 Dungeon Crawl Stone Soup version 0.21.1-1-g345015f (webtiles) character file.

88 letownia2 the Poker (level 4, 0/49 HPs)
             Began as a Merfolk Skald on Mar 12, 2018.
             Engulfed by a cloud of flame (1 damage)
             ... on level 3 of the Dungeon.
             The game lasted 00:05:28 (676 turns).

letownia2 the Poker (Merfolk Skald)                  Turns: 676, Time: 00:05:29

Health: 0/49       AC: 22    Str: 11    XL:     4   Next: 53%
Magic:  4/7        EV:  2    Int: 21    God:
Gold:   103        SH:  0    Dex: 13    Spells: 1/7 levels left

rFire    + . .     SeeInvis .   a - +0 spear
rCold    x . .     Gourm    .   (no shield)
rNeg     + + +     Faith    .   (armour currently unavailable)
rPois    +         Spirit   .   (helmet currently unavailable)
rElec    .         Reflect  .   (cloak currently unavailable)
rCorr    .         Harm     .   (gloves currently unavailable)
MR       .....     NoTele   +   (boots currently unavailable)
Stlth    +.........             (no amulet)
HPRegen  0.16/turn              r - ring of fire
MPRegen  0.10/turn              s - +3 ring of intelligence

@: brilliant, tree-form, shrouded, very slightly contaminated, invisible
A: (change form in water), (swift swim), (stealthy swim)
a: no special abilities


You were on level 3 of the Dungeon.
You were very hungry.
You were a tree.
You visited 1 branch of the dungeon, and saw 4 of its levels.

You collected 103 gold pieces.

Inventory:

Hand Weapons
 a - a +0 spear (weapon)
 e - a cursed -3 dagger
Armour
 b - a +0 leather armour (melded)
 i - a +0 scale mail
 k - a +0 buckler
Jewellery
 r - a ring of fire (left branch)
 s - a +3 ring of intelligence (right branch)
Wands
 n - a wand of flame (22)
Scrolls
 h - a scroll of magic mapping
 j - a scroll of remove curse
 l - a scroll of identify
Potions
 p - 2 potions of degeneration
Books
 c - a book of Battle

   Spells                             Type                      Level
   a - Infusion                       Charms                       1
   b - Shroud of Golubria             Charms/Translocation         2
   c - Song of Slaying                Charms                       2
   d - Spectral Weapon                Hexes/Charms                 3
   e - Regeneration                   Charms/Necromancy            3
Comestibles
 d - 2 rations


   Skills:
 - Level 2.1 Fighting
 + Level 6.3 Polearms
 - Level 0.6 Armour
 - Level 2.6 Dodging
 - Level 2.0 Spellcasting
 - Level 3.2 Charms
 - Level 1.0 Translocations


You had one spell level left.
You knew the following spells:

 Your Spells              Type           Power        Failure   Level  Hunger
a - Infusion              Chrm           ####         1%          1    #......
g - Regeneration          Chrm/Necr      ###.......   2%          3    ###....
t - Shroud of Golubria    Chrm/Tloc      ###.......   1%          2    ##.....


Dungeon Overview and Level Annotations

Branches:
Dungeon (4/15)
 Temple: D:4-7

Altars:
Uskayaw

Annotations:
D:3 exclusion: downstairs, Ijyb, Robin
D:4 Pikel


Message History

The hobgoblin explodes!
The fiery explosion engulfs the goblin.
The goblin explodes!
You feel a bit more experienced.
The fiery explosion engulfs the adder.
The adder explodes!
The fiery explosion engulfs you! You resist.
* * * LOW HITPOINT WARNING * * *
Unknown command.
Unknown command.
Unknown command.
You resist. You resist.
* * * LOW HITPOINT WARNING * * *
A gnoll comes into view. It is wielding a spear.
You resist.
Unknown command.
You resist.
Unknown command.
You resist.
You die...

###############
#g.g...gggg.§§#
#.###########§#
#.# #♣# #S# #§#
#g####### #§#
####.......# #§#
.g.gg#####.#* #g#
####.#***,,,***#%#
# #..$...#,,,,%.#
# ######Sg.***###
**,**


You could see a gnoll (wandering).

Vanquished Creatures
  A gnoll (D:3)
  2 adders (D:3)
  An ooze (D:3)
  3 dart slugs
  2 leopard geckos (D:1)
  5 orcs
  3 giant cockroaches
  6 goblins
  2 hobgoblins
  4 jackals (D:1)
  5 kobolds
  2 bats (D:2)
  4 frilled lizards
  4 rats (D:1)
44 creatures vanquished.

Vanquished Creatures (others)
  A hobgoblin (D:3)
1 creature vanquished.

Grand Total: 45 creatures vanquished

Notes
Turn   | Place    | Note
-------+----------+-------------------------------------------
     0 | D:1      | letownia2 the Merfolk Skald began the quest for the Orb.
     0 | D:1      | Reached XP level 1. HP: 16/16 MP: 3/3
    32 | D:1      | Reached skill level 4 in Polearms
    32 | D:1      | Reached XP level 2. HP: 20/22 MP: 5/5
    36 | D:1      | Learned a level 2 spell: Shroud of Golubria
   109 | D:1      | Reached skill level 1 in Translocations
   142 | D:1      | Reached XP level 3. HP: 22/27 MP: 1/6
   312 | D:3      | Reached skill level 5 in Polearms
   383 | D:2      | Learned a level 3 spell: Regeneration
   432 | D:2      | Found a hide-covered altar of Uskayaw.
   502 | D:2      | Reached XP level 4. HP: 20/33 MP: 5/7
   523 | D:3      | Noticed Robin
   524 | D:3      | Noticed Ijyb
   577 | D:4      | Noticed a slave
   578 | D:4      | Noticed a slave
   579 | D:4      | Noticed Pikel
   580 | D:4      | Noticed a slave
   668 | D:3      | Reached skill level 6 in Polearms
   673 | D:3      | HP: 1/49 [something (10)]
   676 | D:3      | Engulfed by a cloud of flame

Skill      XL: |  1  2  3  4 |
---------------+-------------+-----
Polearms       | 4 5 6 |  6.3
Translocations | 1 |  1.0
Fighting       | |  2.1
Armour         | |  0.6
Dodging        | |  2.6
Spellcasting   | |  2.0
Charms         | |  3.2

Action                   |  1- 3 |  4- 6 || total
-------------------------+-------+-------++-------
Melee: Spear             |   146 |    18 ||   164
 Cast: Infusion          |     1 |       ||     1
       Shroud of Golubri |    11 |     6 ||    17
Evoke: Wand              |     2 |       ||     2
  Use: Scroll            |       |     5 ||     5
       Potion            |       |     3 ||     3
Armor: Leather armour    |    20 |     7 ||    27
       Skin              |       |     3 ||     3
Dodge: Dodged            |    73 |    21 ||    94
